 Dungeon Crawl Stone Soup version 0.22.0-6-g71bd7aa (webtiles) character file.

108 Loudmushroom the Chopper (level 4, 0/61 HPs)
             Began as a Minotaur Berserker on Aug 14, 2018.
             Was a Believer of Trog.
             Succumbed to a goblin's poison
             ... on level 2 of the Dungeon.
             The game lasted 00:06:36 (1911 turns).

Loudmushroom the Chopper (Minotaur Berserker)       Turns: 1911, Time: 00:06:37

Health: 0/61       AC:  3    Str: 26    XL:     4   Next: 58%
Magic:  3/3        EV: 13    Int:  4    God:    Trog [**....]
Gold:   104        SH:  0    Dex: 11    Spells: 3/3 levels left

rFire    . . .     SeeInvis .   a - +0 hand axe
rCold    . . .     Gourm    .   (no shield)
rNeg     . . .     Faith    .   b - +0 animal skin
rPois    .         Spirit   .   (helmet restricted)
rElec    .         Reflect  .   (no cloak)
rCorr    .         Harm     .   i - +0 pair of gloves (curse)
MR       .....                  (no boots)
Stlth    ..........             (no amulet)
HPRegen  0.20/turn              (no ring)
MPRegen  0.08/turn              (no ring)

@: berserking, lethally poisoned (0 -> -7), very quick
A: retaliatory headbutt, horns 2
a: Berserk, Trog's Hand, Renounce Religion


You were on level 2 of the Dungeon.
You worshipped Trog.
Trog was pleased with you.
You were near starving.

You visited 1 branch of the dungeon, and saw 2 of its levels.

You collected 104 gold pieces.

Inventory:

Hand Weapons
 a - a +0 hand axe (weapon)
Missiles
 k - 31 stones (quivered)
 l - 22 arrows
 m - 40 bolts
Armour
 b - a +0 animal skin (worn)
 g - a cursed +0 ring mail
 i - a cursed +0 pair of gloves (worn)
 p - a cursed +0 buckler
Jewellery
 e - an uncursed ring of resist corrosion {unknown}
Scrolls
 d - 3 scrolls of remove curse {unknown}
 h - a scroll of enchant weapon {unknown}
 j - a scroll of noise {unknown}
 o - 2 scrolls of identify {unknown}
 r - a scroll of fear {unknown}
Potions
 n - a potion of heal wounds {unknown}
 q - a potion of ambrosia {unknown}
 s - a potion of agility {unknown}
Comestibles
 c - 2 rations
 f - 2 chunks of flesh


   Skills:
 + Level 4.4 Fighting
 * Level 4.9 Axes
 + Level 3.3 Armour
 + Level 3.1 Dodging


You had 3 spell levels left.
You didn't know any spells.
Your spell library was empty.

Dungeon Overview and Level Annotations

Branches:
Dungeon (2/15)

Altars:
Dithmenos
Okawaru
Zin


Innate Abilities, Weirdness & Mutations

You reflexively headbutt those who attack you in melee.
You have a pair of horns on your head.


Message History

Trog accepts your kill.
You feel sick.
You hit the goblin.
The goblin is almost dead.
You feel sick. The goblin hits you with a club.
* * * LOW HITPOINT WARNING * * *
You hit the goblin.
You kill the goblin!
Trog accepts your kill.
You feel sick.
You hit the goblin.
The goblin is severely wounded.
You feel sick. The goblin hits you.
* * * LOW HITPOINT WARNING * * *
A red film seems to cover your vision as you go berserk!
You feel yourself moving faster!
You feel mighty!
You are near starving!
Your skin stops crawling.
You feel less resistant to hostile enchantments.
You die...

#####.##.###.# #######.#
........<....# #...รท...#
###.#.##.###.# #.#####.#
......##.# #.# #.# #.#
##.#####.# #.# #.# #.#
.........# #.#####.# #.#
##.#####.# #.......# #>####
#.# ############# ##.##.#
##.# ......g@).# #.....####
.#.#
#.##########.#..#........##
.#.# ...#
#...#..#.....##.#8 .#.#
#..# #.###..#.....##.#.
.#.# #..# #.#
#..#.....##.'. .# #..#
#####.###..#.....##.#.
.######..#
#...#.#....#.....##.#8
.#....#..#
#.#.#.#.##.#.....##.##
.#.##.#..#
#.#.#.#..........##.#


You could see a goblin.

Vanquished Creatures
  Natasha (D:2)
  Robin (D:2)
  A gnoll (D:1)
  An adder (D:2)
  2 worms (D:2)
  A dart slug (D:1)
  A leopard gecko (D:1)
  2 giant cockroaches
  8 goblins
  4 hobgoblins
  3 jackals (D:1)
  6 bats
  2 frilled lizards
  8 kobolds
  5 rats
46 creatures vanquished.

Notes
Turn   | Place    | Note
-------+----------+-------------------------------------------
     0 | D:1      | Loudmushroom the Minotaur Berserker began the quest for the Orb.
     0 | D:1      | Reached XP level 1. HP: 19/19 MP: 0/0
   149 | D:1      | Reached XP level 2. HP: 27/27 MP: 1/1
   514 | D:1      | Reached XP level 3. HP: 33/33 MP: 2/2
  1009 | D:2      | Reached ** piety under Trog
  1112 | D:2      | Found a glowing silver altar of Zin.
  1113 | D:2      | Noticed an angel
  1229 | D:2      | Found a shadowy altar of Dithmenos.
  1273 | D:2      | Found an iron altar of Okawaru.
  1291 | D:2      | Noticed Natasha
  1300 | D:2      | Killed Natasha
  1300 | D:2      | Reached XP level 4. HP: 15/41 MP: 3/3
  1894 | D:2      | Noticed Robin
  1906 | D:2      | Killed Robin
  1908 | D:2      | HP: 1/41 [goblin/club[Robin] (6)]
  1911 | D:2      | Succumbed to a goblin's poison

Skill      XL: |  1  2  3 |
---------------+----------+-----
Axes           | 4 |  4.9
Fighting       | 4 |  4.4
Armour         | 3 |  3.3
Dodging        | 3 |  3.1

Action                   |  1- 3 |  4- 6 || total
-------------------------+-------+-------++-------
Melee: Hand axe          |    79 |    24 ||   103
       Headbutt          |     9 |     3 ||    12
Invok: Trog's Hand       |     1 |     1 ||     2
       Berserk           |       |     1 ||     1
 Stab: Sleeping          |     1 |       ||     1
  Eat: Chunk             |     1 |     2 ||     3
Armor: Animal skin       |    14 |     2 ||    16
Dodge: Dodged            |    59 |    14 ||    73
